 Dungeon Crawl Stone Soup version 0.30-a0-782-ge64f9170bb (webtiles) character file.

Game seed: 9465989636526275754

255 HoaS the Shooter (level 6, 0/35 HPs)
             Began as a Gargoyle Hunter on Feb 20, 2023.
             Slain by an ogre
             ... wielding a +0 giant club
              (17 damage)
             ... on level 4 of the Dungeon.
             The game lasted 00:05:33 (3077 turns).

HoaS the Shooter (Gargoyle Hunter)                  Turns: 3077, Time: 00:05:34

Health: 0/35       AC:  9    Str: 15    XL:     6   Next: 15%
Magic:  6/6        EV: 11    Int:  9    God:
Gold:   217        SH:  0    Dex: 15    Spells: 5/5 levels left

rFire   . . .      SeeInvis .    a - +0 shortbow
rCold   + . .      Faith    .    (shield currently unavailable)
rNeg    + . .      Spirit   .    c - +0 leather armour
rPois   ∞          Reflect  .    g - +0 helmet
rElec   +          Harm     .    (no cloak)
rCorr   .          Rampage  .    (no gloves)
Will    .....                    i - +0 pair of boots
Stlth   ++                       e - amulet of regeneration
HPRegen 1.05/turn                n - ring of protection from cold
MPRegen 0.10/turn                (no ring)

@: no status effects
A: sickness immunity, AC +4, negative energy resistance 1, electricity
resistance, torment resistance 1, petrification resistance
a: no special abilities


You were on level 4 of the Dungeon.
You visited 1 branch of the dungeon, and saw 4 of its levels.

You collected 217 gold pieces.

Inventory:

Hand Weapons
 a - a +0 shortbow (weapon)
Armour
 c - a +0 leather armour (worn)
 g - a +0 helmet (worn)
 i - a +0 pair of boots (worn)
Jewellery
 e - an amulet of regeneration (around neck)
 n - a ring of protection from cold (left hand)
Scrolls
 b - 2 scrolls of immolation
 d - a scroll of teleportation
 f - 3 scrolls of poison
 j - a scroll of butterflies
 m - a scroll of identify
Potions
 h - 2 potions of flight
 k - 2 potions of curing {unknown}
 l - 2 potions of lignification {unknown}
 o - a potion of resistance {unknown}


   Skills:
 - Level 2.1 Fighting
 + Level 7.2 Ranged Weapons
 - Level 1.5 Dodging
 - Level 1.1 Stealth


You had 5 spell levels left.
You didn't know any spells.
Your spell library contained the following spells:

 Spells                   Type           Power      Damage    Failure   Level
 Magic Dart               Conj           0%         1d3       45%         1
 Slow                     Hex            0%         N/A       45%         1
 Ensorcelled Hibernation  Hex/Ice        0%         N/A       58%         2
 Searing Ray              Conj           0%         2d4       58%         2
 Confusing Touch          Hex            0%         N/A       83%         3
 Spider Form              Tmut/Pois      0%         N/A       83%         3
 Vampiric Draining        Necr           0%         2d6       83%         3
 Anguish                  Hex/Necr       0%         N/A       99%         4
 Fulminant Prism          Conj/Hex       0%         3d5       99%         4


Dungeon Overview and Level Annotations

Branches:
Dungeon (4/15)
 Temple: D:4-7

Altars:
Qazlal
Wu Jian


Innate Abilities, Weirdness & Mutations

You are immune to sickness and miasma.
Your stone body is resilient. (AC +4)
You are immune to poison.
You resist negative energy. (rN+)
You are resistant to electric shocks. (rElec)
You are resistant to unholy torment.
You are immune to petrification.


Message History

An adder comes into view.
You shoot an arrow. The arrow hits the adder!
The adder hisses angrily.
The adder is severely wounded.
You shoot an arrow. The arrow hits the adder.
The adder is almost dead.
You shoot an arrow. The arrow hits the adder.
You kill the adder!
Found an escape hatch in the floor.
Found a stone staircase leading down.
Found a stone staircase leading down.
An ogre comes into view. It is wielding a +0 giant club.
The ogre shouts!
You shoot an arrow.
The arrow hits the ogre but does no damage.
No target in view!
You shoot an arrow. The arrow hits the ogre.
The ogre is lightly wounded.
A giant cockroach comes into view.
You shoot an arrow. The arrow hits the ogre.
The ogre is moderately wounded.
You shoot an arrow. The arrow barely misses the ogre.
The ogre barely misses you.
You shoot an arrow. The arrow completely misses the ogre.
The ogre misses you.
You shoot an arrow. The arrow barely misses the ogre.
You shoot an arrow. The arrow hits the ogre!
The ogre is heavily wounded.
The ogre barely misses you.
The giant cockroach bites you but does no damage.
You shoot an arrow. The arrow hits the ogre.
The ogre is heavily wounded.
The giant cockroach misses you. The ogre hits you with a +0 giant club!
You shoot an arrow. The arrow hits the ogre.
The ogre is severely wounded.
The giant cockroach barely misses you.
The giant cockroach bites you but does no damage.
The ogre hits you with a +0 giant club!
You shoot an arrow. The arrow hits the ogre!
The ogre is almost dead.
The giant cockroach barely misses you. The ogre hits you with a +0 giant club!
You die...

..###.##.###.#
...........#..###
...##.###.###.... .
....#...#......### ..
..#..........# ..## ...
..#####.#.##..##..##....
...........##.........>#
...####.##.####.O...##..
### #.##.####.@#####.
#..#.......B......
##.###...#.....>..
#.....###........
###...# #........ #...#
#...>.... #...#
#........ #...#
#........ ...## #......


You could see an ogre and a giant cockroach.

Vanquished Creatures
  2 jellies
  3 gnolls
  7 adders
  2 worms
  2 dart slugs
  4 orcs (D:3)
  7 bats
  16 endoplasms
  3 giant cockroaches
  5 hobgoblins
  3 jackals (D:3)
  A quokka (D:1)
  12 ball pythons
  7 goblins
  9 kobolds
  10 rats
93 creatures vanquished.

Vanquished Creatures (others)
  4 fungi (D:2)
  A plant (D:3)
  11 toadstools (D:2)
16 creatures vanquished.

Grand Total: 109 creatures vanquished

Notes
Turn   | Place    | Note
-------+----------+-------------------------------------------
     0 | D:1      | HoaS the Gargoyle Hunter began the quest for the Orb.
     0 | D:1      | Reached XP level 1. HP: 12/12 MP: 1/1
    79 | D:1      | Reached XP level 2. HP: 17/17 MP: 2/2
   366 | D:1      | Reached XP level 3. HP: 21/21 MP: 3/3
   455 | D:1      | Reached skill level 5 in Ranged Weapons
   943 | D:2      | Reached XP level 4. HP: 26/26 MP: 4/4
  1977 | D:2      | Reached skill level 6 in Ranged Weapons
  2048 | D:2      | Reached XP level 5. HP: 30/30 MP: 5/5
  2376 | D:3      | Reached skill level 7 in Ranged Weapons
  2424 | D:3      | Reached XP level 6. HP: 35/35 MP: 6/6
  2649 | D:3      | Found an ornate altar of the Wu Jian Council.
  2682 | D:3      | Found a stormy altar of Qazlal.
  3077 | D:4      | Slain by an ogre

Illustrated notes

Levels and vault maps discovered:
D:1:      lemuel_arrival_river_ford, layout_basic, minmay_rat_gold_closets
D:2:      cheibrodos_fertilizer, layout_basic
D:3:      minmay_angry_zag, layout_loops_ring, mainiacjoe_overflow_tiny_flanked,
          mainiacjoe_overflow_boulevard, chequers_serial_rivers_marsh,
          saegor_snake_ambush
D:4:      layout_rooms, lemuel_doored_altar, uniq_pikel

Skill      XL: |  1  2  3  4  5 |
---------------+----------------+-----
Ranged Weapons | 5 6 7 |  7.2
Fighting       | |  2.1
Dodging        | |  1.5
Stealth        | |  1.1

Action                     |  1- 3 |  4- 6 || total
---------------------------+-------+-------++-------
   Fire: Shortbow          |    95 |   206 ||   301
    Use: Scroll            |     3 |     1 ||     4
 Armour: Leather armour    |    22 |    55 ||    77
  Dodge: Dodged            |    30 |    73 ||   103

Table legend: (Time is in decaauts)
 A = Elapsed time spent in this place.
 B = Non-inter-level travel time spent in this place.
 C = Inter-level travel time spent in this place.
 D = Time resting spent in this place.
 E = Time spent auto-exploring this place.
 F = Levels seen in this place.
 G = Mean time per level.
                   A        B        C        D        E       F      G
               +--------+--------+--------+--------+--------+-----+--------+
         Total |   3179 |   3047 |    132 |    354 |   2113 |   4 |  794.8 |
       Dungeon |   3179 |   3047 |    132 |    354 |   2113 |   4 |  794.8 |
               +--------+--------+--------+--------+--------+-----+--------+

Top non-repeatable levels by time:
     D:2: 1267 daAuts
     D:3: 940 daAuts
     D:1: 919 daAuts
     D:4: 51 daAuts
